 Dungeon Sprint DCSS version 0.21-a0-401-g0b6bec4 (webtiles) character file.

33139 Kidiri the Eclecticist (level 12, -1/90 HPs)
             Began as a Deep Elf Fire Elementalist on Oct 23, 2017.
             Was the Champion of Vehumet.
             Slain by Rupert
             ... wielding a +0 great sword of holy wrath
              (22 damage)
             ... in the Dungeon (Sprint III: "The Ten Rune Challenge").
             The game lasted 00:32:27 (3967 turns).

Kidiri the Eclecticist (Deep Elf Fire Elementalist) Turns: 3967, Time: 00:32:28

Health: -1/90      AC: 12    Str:  7    XL:     12   Next: 42%
Magic:  32/37      EV: 12    Int: 28    God:    Vehumet [******]
Gold:   66         SH:  0    Dex: 15    Spells: 3/49 levels left

rFire    . . .     SeeInvis .   X - +0 short sword
rCold    . . .     Gourm    .   (no shield)
rNeg     . . .     Faith    .   k - +0 scale mail
rPois    .         Spirit   .   (no helmet)
rElec    +         Reflect  .   o - +1 cloak {+Inv}
rCorr    .         Harm     .   (no gloves)
MR       +....     NoTele   +   (no boots)
Stlth    +.........             Y - amulet of Vitality {Regen+ HP+15}
HPRegen  0.65/turn              (no ring)
MPRegen  0.25/turn              (no ring)

@: very slightly contaminated, invisible
A: yellow scales 1, clever 1, electricity resistance, strong 1
}: 1/10 runes: serpentine
a: Renounce Religion


You were in the Dungeon.
You worshipped Vehumet.
Vehumet was exalted by your worship.
You were hungry.

You visited 1 branch You collected 66 gold pieces.

Inventory:

Hand Weapons
 X - a +0 short sword (weapon)
Armour
 k - a +0 scale mail (worn)
 o - a +1 cloak of invisibility (worn)
Jewellery
 Y - the amulet of Vitality (around neck) {Regen+ HP+15}
   (You found it in the Dungeon)

   [amulet of regeneration]

   It affects your health (+15).
   It increases your rate of regeneration.
Wands
 F - a wand of random effects (35/48)
Scrolls
 m - a scroll of recharging
 p - a scroll of torment
 u - a scroll of immolation
 v - 2 scrolls of enchant armour
 W - a scroll of enchant weapon {unknown}
Potions
 g - a potion of magic
 h - a potion of berserk rage
 q - a potion of lignification
 t - 4 potions of flight
 x - 2 potions of mutation
 A - a potion of might
Comestibles
 j - a bread ration
 s - 2 meat rations
 w - 30 royal jellies
 Z - 8 fruits


   Skills:
 + Level 8.3 Fighting
 - Level 9.2 Short Blades
 + Level 8.3 Armour
 - Level 11.1 Dodging
 - Level 2.4 Stealth
 * Level 19.0 Spellcasting
 + Level 12.1 Conjurations
 + Level 12.5 Fire Magic
 + Level 9.8 Air Magic
 + Level 8.5 Earth Magic
 + Level 10.6 Poison Magic


You had 3 spell levels left.
You knew the following spells:

 Your Spells              Type           Power        Failure   Level  Hunger
a - Flame Tongue          Conj/Fire      #####        1%          1    None
b - Throw Flame           Conj/Fire      ######       1%          2    None
c - Conjure Flame         Conj/Fire      #######.     1%          3    None
d - Inner Flame           Hex/Fire       ######..     1%          3    None
e - Ignite Poison         Fire/Tmut/Pois ######..     1%          3    None
f - Sticky Flame          Conj/Fire      #######.     1%          4    None
g - Fireball              Conj/Fire      #######...   1%          5    None
h - Bolt of Magma         Conj/Fire/Erth ######....   1%          5    None
i - Bolt of Fire          Conj/Fire      #######...   3%          6    #......
j - Lee's Rapid Deconstr  Erth           ######....   3%          5    None
k - Iron Shot             Conj/Erth      ######....   8%          6    #......
l - Mephitic Cloud        Conj/Pois/Air  ######..     1%          3    None


Dungeon Overview and Level Annotations

Branches:
Dungeon (1/1)

Altars:
Cheibriados
Dithmenos
Elyvilon
Fedhas
Gozag
Hepliaklqana
Kikubaaqudgha
Makhleb
Nemelex Xobeh
Okawaru
Qazlal
Ru
Sif Muna
Trog
Uskayaw
Vehumet
Wu Jian
Xom
Yredelemnul
Zin
The Shining One
Beogh
Jiyva
Lugonu

Shops:
D =![

Annotations:
D exclusion: 4 doors, Rupert


Innate Abilities, Weirdness & Mutations

You are partially covered in yellow scales. (AC +2)
Your mind is acute. (Int +2)
You are resistant to electric shocks. (rElec)
Your muscles are strong. (Str +2)


Message History

Casting: Bolt of Fire
Confirm with . or Enter, or press ? or * to list all spells.
Aiming: Bolt of Fire
Press: ? - help, Shift-Dir - straight line, f/p - Rupert
Aim: Rupert, wielding a great sword of holy wrath and wearing a chain mail (almost dead, berserk, fast, unusually strong)
The bolt of fire misses Rupert.
Rupert hits you but does no damage.
Unknown command.
Casting: Bolt of Fire
Confirm with . or Enter, or press ? or * to list all spells.
You don't have enough magic to cast that spell.
Unknown command.
Unknown command.
You feel better.
Rupert hits you with a great sword of holy wrath.
* * * LOW HITPOINT WARNING * * *
Rupert hits you with a great sword of holy wrath.
* * * LOW HITPOINT WARNING * * *
Magic courses through your body.
Rupert hits you with a great sword of holy wrath!!
You die...

▓'#####...........#.÷.#__#
▓.................#___#__+
▓▓▓▓▓▓▓▓▓▓▓▓▓▓▓▓▓▓▓▓▓▓▓▓▓▓
+≈≈§≈§≈≈.≈♣♣.....♣♣♣♣
#≈.≈§§§≈≈≈♣♣.≈≈≈≈'♣♣'
#.§≈§§§.≈≈≈'.....#.≈♣
#≈≈§§§§≈≈≈♣♣♣♣♣♣♣#..♣
#≈.≈≈≈§≈≈.♣ ###+
####@###### ♣♣♣♣.
........@...... ♣...#
#+############# ♣♣.## ♣..#
♣♣.# ♣♣.# ♣... ####


You could see Rupert (berserk).

Vanquished Creatures
  A nagaraja (D)
  Erolcha (D)
  2 hydras (D)
  7 anacondas (D)
  A naga warrior (D)
  Urug (D)
  A spriggan druid (D)
  A death drake (D)
  A lindwurm (D)
  A deep elf mage (D)
  A guardian serpent (D)
  An elephant (D)
  2 black mambas (D)
  2 spiny frogs (D)
  A rime drake (D)
  A komodo dragon (D)
  A queen bee (D)
  2 tyrant leeches (D)
  3 wandering mushrooms (D)
  A snapping turtle (D)
  5 blink frogs (D)
  2 spriggans (D)
  5 redbacks (D)
  A shadow (D)
  A spatial vortex (D)
  2 nagas (D)
  A water moccasin (D)
  A hydra simulacrum (D)
  A necrophage (D)
  A swamp drake (D)
  2 black mamba simulacra (D)
  5 two-headed ogres (D)
  A water elemental (D)
  31 killer bees (D)
  An electric eel (D)
  Crazy Yiuf (D)
  A jelly (D)
  A wizard (D)
  Jessica (D)
  A necromancer (D)
  A wolf simulacrum (D)
  3 humans (D)
  A kobold demonologist (D)
  4 adders (D)
  2 rats (D)
  2 plants (D)
110 creatures vanquished.

Vanquished Creatures (collateral kills)
  A killer bee (D)
1 creature vanquished.

Vanquished Creatures (others)
  A deep elf blademaster (D)
  2 draconian scorchers (D)
  6 hellions (D)
  2 yaktaurs (D)
  3 spriggan defenders (D)
  3 orc high priests (D)
  An orc priest (D)
  3 ball lightnings (D)
  8 ballistomycetes (D)
  5 ballistomycete spores (D)
  30 plants (D)
64 creatures vanquished.

Grand Total: 175 creatures vanquished

Notes
Turn   | Place    | Note
-------+----------+-------------------------------------------
     0 | D        | Kidiri the Deep Elf Fire Elementalist began the quest for the Orb.
     0 | D        | Reached XP level 1. HP: 10/10 MP: 6/6
    62 | D        | Noticed Jessica
    64 | D        | Killed Jessica
    64 | D        | Reached skill level 6 in Spellcasting
    64 | D        | Reached XP level 2. HP: 15/15 MP: 6/11
    68 | D        | Learned a level 2 spell: Throw Flame
   108 | D        | Killed a yaktaur
   119 | D        | Killed a hellion
   126 | D        | Killed a hellion
   127 | D        | Killed a hellion
   129 | D        | Killed a hellion
   130 | D        | Reached skill level 7 in Spellcasting
   130 | D        | Reached skill level 5 in Fire Magic
   130 | D        | Reached XP level 3. HP: 10/19 MP: 2/13
   135 | D        | Learned a level 3 spell: Conjure Flame
   139 | D        | Learned a level 3 spell: Inner Flame
   155 | D        | Killed a hellion
   187 | D        | Killed a hellion
   229 | D        | Killed a white draconian scorcher
   267 | D        | Noticed Crazy Yiuf
   267 | D        | Killed a white draconian scorcher
   273 | D        | Killed Crazy Yiuf
   273 | D        | Reached skill level 8 in Spellcasting
   273 | D        | Reached XP level 4. HP: 20/24 MP: 9/16
   305 | D        | Gained mutation: You are resistant to hostile enchantments. (MR+) [potion of mutation]
   305 | D        | Gained mutation: Your flesh is cold resistant. (rC+) [potion of mutation]
   305 | D        | Lost mutation: Your flesh is cold resistant. (rC+) [potion of mutation]
   305 | D        | Gained mutation: You are agile. (Dex +2) [potion of mutation]
   306 | D        | Lost mutation: You are agile. (Dex +2) [potion of mutation]
   306 | D        | Lost mutation: You are resistant to hostile enchantments. (MR+) [potion of mutation]
   306 | D        | Gained mutation: Your magical capacity is low. (-10% MP) [potion of mutation]
   306 | D        | Gained mutation: You have a pair of small antennae on your head. [potion of mutation]
   307 | D        | Lost mutation: Your magical capacity is low. (-10% MP) [potion of mutation]
   307 | D        | Lost mutation: You have a pair of small antennae on your head. [potion of mutation]
   307 | D        | Gained mutation: Your muscles are strong. (Str +2) [potion of mutation]
   307 | D        | Gained mutation: You are resistant to electric shocks. (rElec) [potion of mutation]
   307 | D        | Gained mutation: Your mind is acute. (Int +2) [potion of mutation]
   307 | D        | Gained mutation: You are partially covered in yellow scales. (AC +2) [potion of mutation]
   313 | D        | Learned a level 4 spell: Sticky Flame
   329 | D        | Noticed a water elemental
   333 | D        | Killed a water elemental
   333 | D        | Reached skill level 9 in Spellcasting
   333 | D        | Reached skill level 5 in Conjurations
   370 | D        | Found a radiant altar of Vehumet.
   371 | D        | Found a deep blue altar of Sif Muna.
   371 | D        | Found an ancient bone altar of Kikubaaqudgha.
   371 | D        | Noticed a wizard
   374 | D        | Killed a wizard
   374 | D        | Reached skill level 10 in Spellcasting
   374 | D        | Reached XP level 5. HP: 25/28 MP: 8/19
   389 | D        | Became a worshipper of Vehumet
   396 | D        | Learned a level 5 spell: Fireball
   400 | D        | Learned a level 3 spell: Mephitic Cloud
   492 | D        | Found a glowing silver altar of Zin.
   493 | D        | Found a glowing golden altar of the Shining One.
   493 | D        | Found a white marble altar of Elyvilon.
   493 | D        | Noticed a deep elf mage
   500 | D        | Killed a deep elf mage
   500 | D        | Reached skill level 12 in Spellcasting
   500 | D        | Reached XP level 6. HP: 25/36 MP: 14/23
   500 | D        | Reached XP level 7. HP: 28/40 MP: 14/24
   601 | D        | Found an ornate altar of the Wu Jian Council.
   601 | D        | Found a roughly hewn altar of Beogh.
   601 | D        | Found an iron altar of Okawaru.
   601 | D        | Found a bloodstained altar of Trog.
   601 | D        | Found a hide-covered altar of Uskayaw.
   601 | D        | Noticed a human
   601 | D        | Noticed a human
   606 | D        | Killed a human
   606 | D        | Killed a human
   606 | D        | Reached skill level 5 in Dodging
   606 | D        | Reached * piety under Vehumet
   606 | D        | Offered knowledge of Sting by Vehumet.
   710 | D        | Found a basalt altar of Yredelemnul.
   710 | D        | Found a shadowy altar of Dithmenos.
   710 | D        | Found a sacrificial altar of Ru.
   781 | D        | Noticed a shadow
   783 | D        | Killed a shadow
   783 | D        | Offered knowledge of Sandblast by Vehumet.
   783 | D        | Reached ** piety under Vehumet
   783 | D        | Reached XP level 8. HP: 46/46 MP: 15/26
   830 | D        | Found a blossoming altar of Fedhas.
   830 | D        | Found a stormy altar of Qazlal.
   830 | D        | Found a snail-covered altar of Cheibriados.
   830 | D        | Found a burning altar of Makhleb.
   830 | D        | Found a shimmering altar of Xom.
   831 | D        | Found a hazy altar of Hepliaklqana.
   831 | D        | Found an opulent altar of Gozag.
   831 | D        | Found a sparkling altar of Nemelex Xobeh.
   831 | D        | Found a corrupted altar of Lugonu.
   831 | D        | Found a viscous altar of Jiyva.
   843 | D        | Reached skill level 13 in Spellcasting
   948 | D        | Offered knowledge of Ignite Poison by Vehumet.
   952 | D        | Reached *** piety under Vehumet
   952 | D        | Reached skill level 5 in Poison Magic
   954 | D        | Learned a level 3 spell: Ignite Poison
  1027 | D        | Noticed a two-headed ogre
  1041 | D        | Killed a two-headed ogre
  1041 | D        | Offered knowledge of Fulminant Prism by Vehumet.
  1041 | D        | Reached skill level 5 in Short Blades
  1236 | D        | Noticed a two-headed ogre
  1236 | D        | Noticed Erolcha
  1247 | D        | Killed Erolcha
  1247 | D        | Reached skill level 14 in Spellcasting
  1247 | D        | Reached skill level 5 in Air Magic
  1247 | D        | Reached XP level 9. HP: 41/52 MP: 9/29
  1263 | D        | Killed a two-headed ogre
  1263 | D        | Reached **** piety under Vehumet
  1369 | D        | Offered knowledge of Bolt of Magma by Vehumet.
  1377 | D        | Learned a level 5 spell: Bolt of Magma
  1525 | D        | Reached ***** piety under Vehumet
  1525 | D        | Reached skill level 5 in Fighting
  1526 | D        | Noticed a queen bee
  1526 | D        | Offered knowledge of Iskenderun's Battlesphere by Vehumet.
  1526 | D        | Reached skill level 5 in Armour
  1529 | D        | Reached skill level 1 in Earth Magic
  1533 | D        | Reached ****** piety under Vehumet
  1533 | D        | Reached skill level 15 in Spellcasting
  1539 | D        | Killed a queen bee
  1539 | D        | Reached skill level 10 in Fire Magic
  1539 | D        | Reached XP level 10. HP: 59/59 MP: 2/31
  1682 | D        | Offered knowledge of Irradiate by Vehumet.
  1971 | D        | Found the amulet of Vitality {Regen+ HP+15}
  1973 | D        | Offered knowledge of Bolt of Fire by Vehumet.
  1999 | D        | Noticed a six-headed hydra
  1999 | D        | Noticed a five-headed hydra
  2002 | D        | Killed a six-headed hydra
  2002 | D        | Reached skill level 10 in Conjurations
  2006 | D        | Killed a five-headed hydra
  2006 | D        | Reached skill level 16 in Spellcasting
  2179 | D        | Noticed a spiny frog
  2179 | D        | Noticed a spiny frog
  2181 | D        | Killed a spiny frog
  2182 | D        | Killed a spiny frog
  2182 | D        | Reached skill level 5 in Earth Magic
  2192 | D        | Learned a level 6 spell: Bolt of Fire
  2261 | D        | Reached XP level 11. HP: 66/66 MP: 18/33
  2347 | D        | Noticed a lindwurm
  2349 | D        | Killed a lindwurm
  2352 | D        | Offered knowledge of Lee's Rapid Deconstruction by Vehumet.
  2361 | D        | Learned a level 5 spell: Lee's Rapid Deconstruction
  2550 | D        | Noticed Urug
  2556 | D        | Killed Urug
  2556 | D        | Reached skill level 10 in Dodging
  2670 | D        | Reached skill level 17 in Spellcasting
  2697 | D        | Offered knowledge of Freezing Cloud by Vehumet.
  2753 | D        | Noticed a death drake
  2755 | D        | Killed a death drake
  3001 | D        | Found a blossoming altar of Fedhas.
  3001 | D        | Noticed a spriggan druid
  3006 | D        | Killed a spriggan druid
  3187 | D        | Noticed an anaconda
  3196 | D        | Killed an anaconda
  3196 | D        | Offered knowledge of Iron Shot by Vehumet.
  3252 | D        | Noticed an anaconda
  3252 | D        | Noticed an anaconda
  3252 | D        | Noticed an anaconda
  3252 | D        | Noticed an anaconda
  3253 | D        | Noticed an anaconda
  3270 | D        | Killed an anaconda
  3283 | D        | Killed an anaconda
  3283 | D        | Reached skill level 18 in Spellcasting
  3298 | D        | Killed an anaconda
  3298 | D        | Reached XP level 12. HP: 58/73 MP: 7/36
  3312 | D        | Learned a level 6 spell: Iron Shot
  3433 | D        | Killed an anaconda
  3433 | D        | Reached skill level 10 in Poison Magic
  3509 | D        | Killed an anaconda
  3509 | D        | Offered knowledge of Conjure Ball Lightning by Vehumet.
  3609 | D        | Noticed an anaconda
  3611 | D        | Killed an anaconda
  3662 | D        | Noticed a naga warrior
  3662 | D        | Noticed a nagaraja
  3666 | D        | Killed a nagaraja
  3668 | D        | Killed a naga warrior
  3756 | D        | Found Vaenikho's Jewellery Shop.
  3756 | D        | Found Yguihes's Distillery.
  3760 | D        | Found Reoppus's Antique Armour Boutique.
  3785 | D        | Reached skill level 19 in Spellcasting
  3787 | D        | Killed a deep elf blademaster
  3794 | D        | Got a serpentine rune of Zot
  3951 | D        | Noticed Rupert
  3951 | D        | Paralysed by Rupert for 6 turns
  3967 | D        | Slain by Rupert

Vault maps used:
D:        dungeon_sprint_mu

Skill      XL: |  1  2  3  4  5  6  7  8  9 10 11 12 |
---------------+-------------------------------------+-----
Spellcasting   | 6 7 8 10 12 14 15 16 18 19 | 19.0
Conjurations   | 3 4 5 7 8 9 10 11 12 | 12.1
Fire Magic     | 4 5 6 7 8 9 10 11 12 | 12.5
Fighting       | 2 3 4 5 6 7 8 |  8.3
Short Blades   | 3 4 5 6 7 9 |  9.2
Armour         | 2 3 4 5 6 7 8 |  8.3
Dodging        | 4 5 7 8 9 11 | 11.1
Air Magic      | 3 4 5 6 7 9 |  9.8
Poison Magic   | 3 4 6 7 8 9 10 | 10.6
Earth Magic    | 2 5 7 8 |  8.5
Stealth        | |  2.4

Action                   |  1- 3 |  4- 6 |  7- 9 | 10-12 || total
-------------------------+-------+-------+-------+-------++-------
Melee: Quarterstaff      |       |     2 |    12 |     3 ||    17
       Dagger            |       |       |     2 |       ||     2
       Short sword       |       |       |       |     7 ||     7
       Falchion          |       |       |       |     1 ||     1
 Cast: Flame Tongue      |    15 |     5 |    27 |    15 ||    62
       Sticky Flame      |       |     3 |     5 |     8 ||    16
       Conjure Flame     |       |     1 |     5 |       ||     6
       Fireball          |       |       |     9 |     5 ||    14
       Mephitic Cloud    |       |       |     5 |     1 ||     6
       Inner Flame       |       |       |     4 |       ||     4
       Ignite Poison     |       |       |     1 |     1 ||     2
       Bolt of Magma     |       |       |     4 |    14 ||    18
       Throw Flame       |       |       |     1 |     2 ||     3
       Bolt of Fire      |       |       |       |    46 ||    46
       Iron Shot         |       |       |       |     5 ||     5
 Abil: Evoke Invisibilit |       |     1 |     3 |     1 ||     5
Evoke: Wand              |       |       |     1 |     1 ||     2
  Use: Potion            |       |     3 |     1 |     4 ||     8
       Scroll            |       |     4 |       |     5 ||     9
 Stab: Sleeping          |       |     1 |     1 |     2 ||     4
  Eat: Chunk             |       |       |     2 |     8 ||    10
       Bread ration      |       |       |     1 |       ||     1
Armor: Robe              |       |     2 |     2 |     2 ||     6
       Leather armour    |       |       |       |     1 ||     1
       Scale mail        |       |       |       |    16 ||    16
Dodge: Dodged            |     4 |     3 |    24 |    30 ||    61

Table legend:
 A = Spawn XP
 B = Non-spawn XP
 C = Spawn XP percentage of total XP
 D = Spawn monster count
 E = Non-spawn monster count
 F = Spawn count percentage of total count
 G = Total turns spent on level
                    A         B        C        D         E        F      G
               +---------+---------+-------+---------+---------+-------+---------
         Total |       0 |   28771 |   0.0 |       0 |     109 |   0.0 |  3967
               +---------+---------+-------+---------+---------+-------+---------
             D |       0 |   28771 |   0.0 |       0 |     109 |   0.0 |  3967
               +---------+---------+-------+---------+---------+-------+---------
